 Dungeon Crawl Stone Soup version 0.20.1-1-g8b1a95d (webtiles) character file.

2543 Mitsuki the Fighter (level 9, -1/81 HPs)
             Began as a Hill Orc Fighter on Oct 5, 2017.
             Was a Believer of Okawaru.
             Slain by a crocodile (13 damage)
             ... on level 8 of the Dungeon.
             The game lasted 00:18:50 (8424 turns).

Mitsuki the Fighter (Hill Orc Fighter)              Turns: 8424, Time: 00:18:51

Health: -1/81      AC: 14    Str: 22    XL:     9   Next: 55%
Magic:  0/11       EV: 11    Int:  8    God:    Okawaru [**....]
Gold:   426        SH: 13    Dex: 10    Spells: 8/8 levels left

rFire    . . .     SeeInvis .   a - +0 trident
rCold    + . .     Gourm    .   c - +0 shield
rNeg     + . .     Faith    .   b - +0 scale mail
rPois    .         Spirit   +   (no helmet)
rElec    .         Reflect  .   (no cloak)
rCorr    .         Harm     .   R - +0 pair of gloves
MR       .....                  k - +2 pair of boots
Stlth    +.........             i - amulet of guardian spirit
Regen    0.3/turn               w - ring of positive energy
MPRegen  0.2/turn               E - ring of protection from cold

@: heroism
A: no striking features
a: Heroism, Renounce Religion


You were on level 8 of the Dungeon.
You worshipped Okawaru.
Okawaru was pleased with you.
You were not hungry.

You visited 2 branches of the dungeon, and saw 9 of its levels.

You collected 426 gold pieces.

Inventory:

Hand Weapons
 a - a +0 trident (weapon)
 O - the cursed +0 dagger of Rial Yth {elec, Str+3 Dex+3, unknown}
   (You found it on level 8 of the Dungeon)

   Occasionally, upon striking a foe, it will discharge some electrical energy
   and cause terrible harm.
   It affects your strength (+3).
   It affects your dexterity (+3).
   It has a curse placed upon it.
 U - the +2 short sword "Qaguff" {flame, rElec rPois MR- Int+2, unknown}
   (You found it on level 8 of the Dungeon)

   It has been specially enchanted to burn those struck by it, causing extra
   injury to most foes and up to half again as much damage against particularly
   susceptible opponents.
   It affects your intelligence (+2).
   It insulates you from electricity.
   It protects you from poison.
   It affects your resistance to hostile enchantments.
 V - the cursed +3 short sword of Defence {elec, rPois rF+, unknown}
   (You found it on level 8 of the Dungeon)

   Occasionally, upon striking a foe, it will discharge some electrical energy
   and cause terrible harm.
   It protects you from fire.
   It protects you from poison.
   It has a curse placed upon it.
Armour
 b - a +0 scale mail (worn)
 c - a +0 shield (worn)
 k - a +2 pair of boots (worn)
 R - a +0 pair of gloves (worn)
Magical Staves
 I - an uncursed staff of summoning {unknown}
 Q - an uncursed staff of wizardry {unknown}
 T - an uncursed staff of power {unknown}
Jewellery
 i - an amulet of guardian spirit (around neck)
 w - a ring of positive energy (left hand)
 C - an uncursed ring of flight
 D - an uncursed ring of stealth
 E - a ring of protection from cold (right hand)
Wands
 B - a wand of paralysis (15/24)
 J - a wand of digging (12/24)
 M - a wand of clouds (3/9)
 N - a wand of lightning (6/15)
Scrolls
 h - 4 scrolls of identify {unknown}
 m - 4 scrolls of noise {unknown}
 n - 3 scrolls of blinking {unknown}
 p - 3 scrolls of enchant weapon {unknown}
 t - a scroll of recharging {unknown}
 v - 2 scrolls of immolation {unknown}
 y - 8 scrolls of remove curse {unknown}
 z - 2 scrolls of enchant armour {unknown}
 A - 2 scrolls of teleportation {unknown}
 H - 2 scrolls of amnesia {unknown}
 W - a scroll of summoning {unknown}
Potions
 d - 3 potions of might
 e - 2 potions of haste {unknown}
 j - a potion of agility {unknown}
 l - a potion of mutation {unknown}
 o - a potion of berserk rage {unknown}
 q - a potion of invisibility {unknown}
 r - 4 potions of curing
 s - a potion of flight {unknown}
 x - 3 potions of magic {unknown}
 G - 2 potions of heal wounds {unknown}
 K - 2 potions of brilliance {unknown}
 L - a potion of resistance {unknown}
 S - a potion of lignification {unknown}
Comestibles
 f - 4 bread rations
 g - 5 royal jellies
 u - 5 meat rations
 F - 4 fruits


   Skills:
 + Level 8.3(13.3) Fighting
 + Level 6.9(11.9) Polearms
 + Level 7.4(12.4) Armour
 + Level 7.6(12.6) Shields
 + Level 3.6 Invocations


You had 8 spell levels left.
You didn't know any spells.

Dungeon Overview and Level Annotations

Branches:
Dungeon (8/15)             Temple (1/1) D:4
   Lair: D:8-11

Altars:
Ashenzari
Cheibriados
Dithmenos
Elyvilon
Fedhas
Gozag
Hepliaklqana
Kikubaaqudgha
Makhleb
Nemelex Xobeh
Okawaru
Qazlal
Ru
Sif Muna
Trog
Uskayaw
Vehumet
Xom
Yredelemnul
Zin
The Shining One


Message History

You gain the combat prowess of a mighty hero.
* * * LOW MAGIC WARNING * * *
The crocodile bites you but does no damage.
Your scale mail prevents you from hitting the crocodile.
You closely miss the crocodile. You block the crocodile's attack.
You hit the crocodile.
The crocodile is moderately wounded.
The crocodile closely misses you.
You hit the crocodile but do no damage.
The crocodile is moderately wounded.
You block the crocodile's attack.
You puncture the crocodile!
The crocodile is severely wounded.
You barely miss the crocodile.
The crocodile is severely wounded.
The crocodile bites you but does no damage.
You hit the crocodile.
The crocodile is almost dead.
The crocodile bites you!
You die...

# ## #. #.
#.##########
#..#.###.........##
##.#).......###....##
### ...........##
####..#####.#
.......#.#t#
###...###.
..?#..####@# ####...#
.. ###....## #####
####. ## #######
#...>.#.## ##
#.#...#...# ######.
##.###.###..##
.......##..# #..#
#...


You could see a crocodile.

Vanquished Creatures
  Joseph (D:7)
  A basilisk (D:8)
  A hungry ghost (D:7)
  A black bear (D:8)
  A hornet zombie (D:6)
  An ogre (D:7)
  2 ice beasts
  3 centaurs (D:7)
  A crocodile (D:8)
  A big kobold (D:7)
  2 bullfrogs
  8 wights
  A howler monkey (D:4)
  A hound (D:5)
  4 orc priests
  A bullfrog skeleton (D:8)
  A jelly (D:8)
  Jessica (D:3)
  2 iguanas
  2 orc wizards
  5 worker ants
  6 adders
  2 oozes
  An adder zombie (D:8)
  2 worms (D:2)
  3 dart slugs
  4 leopard geckos
  20 orcs
  3 ball pythons
  4 giant cockroaches
  6 goblins
  11 hobgoblins
  5 jackals
  4 quokkas
  7 bats
  5 frilled lizards
  14 kobolds
  A leopard gecko skeleton (D:5)
  A quokka zombie (D:5)
  10 rats
150 creatures vanquished.

Vanquished Creatures (others)
  2 plants (D:1)
2 creatures vanquished.

Grand Total: 152 creatures vanquished

Notes
Turn   | Place    | Note
-------+----------+-------------------------------------------
     0 | D:1      | Mitsuki the Hill Orc Fighter began the quest for the Orb.
     0 | D:1      | Reached XP level 1. HP: 19/19 MP: 1/1
   194 | D:1      | Reached XP level 2. HP: 27/27 MP: 2/2
   745 | D:1      | Reached XP level 3. HP: 28/33 MP: 3/3
   798 | D:2      | Reached skill level 4 in Fighting
   954 | D:2      | Found a white marble altar of Elyvilon.
  1397 | D:2      | Reached XP level 4. HP: 37/40 MP: 4/4
  1599 | D:3      | Noticed Jessica
  1626 | D:3      | Killed Jessica
  1645 | D:3      | Found a shattered altar of Ashenzari.
  1672 | D:3      | Reached XP level 5. HP: 46/47 MP: 5/5
  2509 | D:4      | Reached XP level 6. HP: 42/55 MP: 4/6
  2726 | D:4      | Reached skill level 5 in Fighting
  3060 | D:4      | Reached skill level 5 in Armour
  3060 | D:4      | Reached skill level 5 in Shields
  3069 | D:4      | Reached XP level 7. HP: 14/61 MP: 3/7
  3320 | D:4      | Found a staircase to the Ecumenical Temple.
  3329 | Temple   | Entered the Ecumenical Temple
  4258 | D:5      | Entered Level 5 of the Dungeon
  4513 | D:5      | Found a shimmering altar of Xom.
  4740 | D:5      | Reached skill level 6 in Fighting
  4830 | D:5      | Found a hazy altar of Hepliaklqana.
  5098 | D:5      | Reached skill level 5 in Polearms
  5360 | D:6      | Reached XP level 8. HP: 65/71 MP: 8/8
  5491 | D:6      | Found a shadowy altar of Dithmenos.
  5681 | D:6      | You fall through a shaft for 2 floors!
  5727 | D:8      | Found a sparkling altar of Nemelex Xobeh.
  5729 | D:8      | Found a bloodstained altar of Trog.
  5729 | D:8      | Found an iron altar of Okawaru.
  5731 | D:8      | Found a glowing golden altar of the Shining One.
  5733 | D:8      | Found a glowing silver altar of Zin.
  5744 | D:8      | Got a jewelled dagger
  5750 | D:8      | Became a worshipper of Warmaster Okawaru
  5998 | D:7      | Reached skill level 7 in Fighting
  6763 | D:7      | Reached skill level 1 in Invocations
  7107 | D:7      | Reached * piety under Okawaru
  7107 | D:7      | Reached XP level 9. HP: 71/79 MP: 10/10
  7455 | D:7      | Noticed Joseph
  7491 | D:7      | Killed Joseph
  7614 | D:7      | Reached skill level 8 in Fighting
  8066 | D:8      | Got a smoking short sword
  8068 | D:8      | Got a transparent short sword
  8201 | D:8      | Reached ** piety under Okawaru
  8424 | D:8      | Slain by a crocodile

Skill      XL: |  1  2  3  4  5  6  7  8  9 |
---------------+----------------------------+-----
Fighting       | 4 5 6 7 8 |  8.3
Polearms       | 3 4 5 6 |  6.9
Armour         | 4 5 6 7 |  7.4
Shields        | 4 5 7 |  7.6
Invocations    | 1 3 |  3.6

Action                   |  1- 3 |  4- 6 |  7- 9 || total
-------------------------+-------+-------+-------++-------
Melee: Trident           |   154 |   185 |   497 ||   836
Invok: Heroism           |       |       |     1 ||     1
  Use: Potion            |       |       |     1 ||     1
  Eat: Chunk             |     2 |     5 |    23 ||    30
       Fruit             |       |       |     2 ||     2
Armor: Scale mail        |    46 |    81 |   169 ||   296
Dodge: Dodged            |    32 |    72 |   104 ||   208
Block: Shield            |    48 |   110 |   208 ||   366
